 Dungeon Crawl Stone Soup version 0.19-a0-1210-g5c1aa26 (webtiles) character file.

196714 4thArraOfDagon the Wrestler (level 18, -9/283 HPs)
             Began as a Troll Fighter on Aug 22, 2016.
             Was a High Priest of Okawaru.
             Mangled by the 26-headed Lernaean hydra (20 damage)
             ... on level 4 of the Swamp.
             The game lasted 01:15:30 (14283 turns).

4thArraOfDagon the Wrestler (Troll Fighter)        Turns: 14283, Time: 01:15:30

Health: -9/283     AC: 12    Str: 34    XL:     18   Next: 16%
Magic:  16/23      EV: 14    Int: 12    God:    Okawaru [*****.]
Gold:   2696       SH: 17    Dex: 15    Spells: 3 memorised, 11 levels left

rFire  + + .     SeeInvis +       - Unarmed
rCold  + + +     Gourm    +     o - +2 robe {rC+}
rNeg   . . .     Faith    .     S - +2 shield {rF+}
rPois  +         Spirit   .     Z - +0 hat {SInv}
rElec  .         Dismiss  .     y - +2 cloak {rF+}
rCorr  .         Reflect  .     (gloves unavailable)
MR     ++...     Harm     +     (boots unavailable)
Stlth  .......... Rnd*Rage +    e - amulet of harm
                                p - ring of poison resistance
                                E - ring "Woip Pekk" {+Blink rC+ Dex+6}

@: berserking, heroism, very quick
A: unfitting armour, claws 3, fangs 1, talons 1, slimy green scales 1, berserk
1, clever 1, cold resistance 1, fast metabolism 3, gourmand, low mp 1, magic
resistance 1, regeneration 1, robust 1, screaming 1, shaggy fur 1, tough skin 2,
evolution 2
a: Heroism, Finesse, Renounce Religion, Evoke Blink


You were on level 4 of the Swamp.
You worshipped Okawaru.
Okawaru was extremely pleased with you.
You were completely stuffed.

You visited 7 branches of the dungeon, and saw 33 of its levels.
You also visited: Sewer, Ossuary, Bailey, Ice Cave and Volcano.

You collected 3003 gold pieces.
You spent 307 gold pieces at shops.

Inventory:

Missiles
 i - 36 large rocks (quivered)
 U - 5 throwing nets
Armour
 a - a +2 robe of magic resistance
 o - a +2 robe of cold resistance (worn)
 y - a +2 cloak of fire resistance (worn)
 I - a +2 cloak of magic resistance
 S - a +2 shield of fire resistance (worn)
 Z - a +0 hat of see invisible (worn)
Magical Staves
 x - an uncursed staff of earth
 H - an uncursed staff of energy {!a}
Jewellery
 c - an uncursed ring of protection from magic
 e - an amulet of harm (around neck)
 j - an uncursed ring of resist corrosion
 p - a ring of poison resistance (right claw)
 E - the ring "Woip Pekk" (left claw) {+Blink rC+ Dex+6}
   (You found it on level 2 of the Elven Halls)

   [ring of protection from cold]

   It affects your dexterity (+6).
   It protects you from cold.
   It lets you blink.
 F - an uncursed ring of protection from cold
 N - a +4 ring of evasion
 Q - an uncursed amulet of the gourmand {unknown}
Wands
 G - a wand of digging (7/24)
 P - a wand of iceblast (7/15)
 R - a wand of iceblast (10/15)
 V - a wand of disintegration (11/24)
 X - a wand of acid (6/15)
Scrolls
 l - 2 scrolls of enchant armour
 r - 2 scrolls of magic mapping
 v - 3 scrolls of teleportation
 J - 2 scrolls of immolation
 K - 7 scrolls of remove curse
 W - a scroll of vulnerability
 Y - a scroll of blinking
Potions
 b - a potion of cure mutation {unknown}
 f - a potion of ambrosia {unknown}
 g - 6 potions of curing
 h - 3 potions of brilliance
 m - 4 potions of flight
 n - 5 potions of heal wounds
 s - 3 potions of mutation {unknown}
 t - 2 potions of cancellation
 u - 5 potions of berserk rage
 w - 2 potions of resistance
 z - a potion of lignification
 A - 2 potions of haste
 B - 4 potions of might
 C - a potion of experience {unknown}
 D - a potion of invisibility
 T - a potion of magic {unknown}
Miscellaneous
 k - 2 sacks of spiders
 M - a phial of floods
 O - a lamp of fire
Comestibles
 d - 15 bread rations
 q - 19 beef jerkies
 L - 8 meat rations


   Skills:
 - Level 9.5(14.5) Fighting
 - Level 2.4(7.4) Dodging
 - Level 11.0(16.0) Shields
 - Level 21.0(26.0) Unarmed Combat
 + Level 5.9 Spellcasting
 * Level 9.9 Transmutations
 * Level 7.0 Earth Magic
 - Level 7.3 Invocations


You had 11 spell levels left.
You knew the following spells:

 Your Spells              Type           Power        Failure   Level  Hunger
a - Haste                 Chrm           #.......     100%        6    #######
b - Statue Form           Tmut/Erth      ###......    89%         6    #######
c - Silence               Hex/Air        #.........   100%        5    ######.


Dungeon Overview and Level Annotations

Branches:
Dungeon (15/15)            Temple (1/1) D:7            Lair (6/6) D:11
  Swamp (4/4) Lair:4          Orc (2/2) D:9             Elf (3/3) Orc:2
 Vaults (0/5) D:13         Depths (2/5) D:15
  Snake: Lair:2-4    Spider: Lair:2-4     Slime: Lair:5-6

Altars:
Ashenzari
Cheibriados
Dithmenos
Elyvilon
Fedhas
Gozag
Hepliaklqana
Kikubaaqudgha
Makhleb
Nemelex Xobeh
Okawaru
Qazlal
Ru
Sif Muna
Trog
Uskayaw
Vehumet
Xom
Yredelemnul
Zin
The Shining One

Shops:
Orc:2 :(*[   Elf:1 }

Portals:
Abyss: Depths:1

Annotations:
D:6 murphy's ghost, weakling HOMo
Swamp:4 Lernaean hydra


Innate Abilities, Weirdness & Mutations

You are too large for most types of armour.
You have claws for hands.
Your metabolism is lightning-fast.
You like to eat raw meat.
Your natural rate of healing is unusually fast.
You are covered in fur. (AC +1)
You have very tough skin. (AC +2)
You have very sharp teeth.
You have sharp toenails.
You are partially covered in slimy green scales. (AC +2)
You tend to lose your temper in combat.
Your mind is acute. (Int +2)
Your flesh is cold resistant. (rC+)
Your magical capacity is low. (-10% MP)
You are resistant to hostile enchantments. (MR+)
You are robust. (+10% HP)
You occasionally shout uncontrollably at your foes.
You rapidly evolve.


Message History

You block the 26-headed Lernaean hydra's attack.
The 26-headed Lernaean hydra bites you! x2
* * * LOW HITPOINT WARNING * * *
The 26-headed Lernaean hydra bites you.
* * * LOW HITPOINT WARNING * * *
The 26-headed Lernaean hydra bites you!
* * * LOW HITPOINT WARNING * * *
You block the 26-headed Lernaean hydra's attack.
The 26-headed Lernaean hydra bites you!
* * * LOW HITPOINT WARNING * * *
The 26-headed Lernaean hydra bites you!
* * * LOW HITPOINT WARNING * * *
The 26-headed Lernaean hydra bites you!
* * * LOW HITPOINT WARNING * * *
The 26-headed Lernaean hydra bites you!
* * * LOW HITPOINT WARNING * * *
The 26-headed Lernaean hydra bites you.
* * * LOW HITPOINT WARNING * * *
The 26-headed Lernaean hydra bites you!
You die...

♣..≈≈..≈≈♣♣≈.≈≈..♣...♣ ♣.≈
...≈≈§≈≈♣♣♣♣.≈.♣≈...≈♣ ♣♣♣♣♣♣≈♣
§.≈..≈≈.♣ ♣♣.≈♣.≈≈≈.♣♣♣♣♣≈≈♣≈♣♣
♣§....≈.♣♣ ♣≈.≈≈≈≈≈...≈§≈≈≈≈.≈♣
♣.....≈≈.♣ ♣♣≈≈≈≈≈≈.♣.....≈≈≈≈≈♣♣
♣.≈.†♣..#♣ ♣.≈......≈....≈≈≈≈≈≈♣≈
♣....♣.≈≈♣♣♣≈≈.......#....≈≈≈≈♣.≈
♣...≈♣≈≈♣♣≈≈♣♣≈≈≈...≈....≈≈≈≈.♣<≈
♣≈≈#≈≈≈#...♣♣♣≈.@♣≈≈.≈≈≈..≈≈≈..†≈
♣≈≈≈≈≈♣§≈#♣♣♣†≈.D≈♣≈♣≈♣#♣♣≈≈≈≈≈..
♣≈≈≈≈♣♣≈≈≈♣♣†#†...♣♣♣.♣ ♣≈.≈≈≈..
♣♣≈≈≈♣♣♣♣≈♣.≈#††≈#.♣♣♣≈≈(..≈≈≈≈.≈
♣♣#♣ ♣♣≈###.≈#≈≈♣♣♣...≈≈≈≈≈.♣
#####≈###.♣ ♣♣≈≈.≈≈≈≈.♣ #≈.≈##≈♣
♣≈≈.≈≈≈§.≈ #≈≈#≈#♣♣ ≈≈≈≈≈≈≈.≈≈
#≈..≈# ♣.≈≈≈≈≈≈≈≈≈


You could see the 26-headed Lernaean hydra.

Vanquished Creatures
  Jorgrun (Swamp:4)
  2 deep elf blademasters (Elf:3)
  Frances (D:12)
  Gastronok (D:12)
  Kirke (D:15)
  An azure jelly (shapeshifter) (Depths:1)
  A fire giant (Depths:1)
  The ghost of Dirtsage the Black Belt, an adept DsMo of Makhleb (Depths:1)
  11 deep elf sorcerers (Elf:3)
  2 frost giants
  An emperor scorpion (D:15)
  3 deep elf elementalists (Elf:3)
  3 very ugly things
  A stone giant (Orc:2)
  A vampire knight (Depths:1)
  3 deep elf demonologists (Elf:3)
  9 deep elf annihilators (Elf:3)
  A dire elephant (D:15)
  Snorg (Orc:1)
  7 crystal guardians (Elf:3)
  2 fire dragons
  3 deep elf high priests (Elf:3)
  A merfolk impaler (Depths:1)
  4 ettins
  Josephine (D:11)
  4 deep elf death magi
  2 great orbs of eyes (Depths:1)
  4 vault guards (D:13)
  An ice dragon (Depths:1)
  14 hydras
  An anaconda (shapeshifter) (Depths:1)
  A rakshasa (Depths:1)
  Harold (D:12)
  5 alligators
  2 deep troll shamans (Depths:1)
  A centaur warrior (D:13)
  6 dancing weapons
  A tengu warrior (D:15)
  2 ogre magi (Depths:1)
  3 death yaks
  3 deep troll earth magi
  An orc high priest (D:9)
  9 deep elf knights
  An iron troll (Depths:1)
  A fire crab (Lair:6)
  10 swamp dragons
  11 deep elf archers (Elf:3)
  8 deep trolls (Depths:1)
  A large abomination (Elf:1)
  2 hill giants
  5 necromancers (Elf:1)
  9 cyclopes
  An orc sorcerer (Elf:3)
  34 deep elf magi
  A griffon (Lair:6)
  A salamander (D:15)
  14 slime creatures
  A manticore (D:13)
  29 ugly things
  A hornet (Swamp:4)
  Maurice (D:8)
  4 toenail golems (Volcano)
  5 centaur zombies
  4 gargoyles
  A black mamba (Lair:5)
  12 spiny frogs
  9 yaktaurs (Depths:1)
  A komodo dragon (D:14)
  A kobold demonologist (D:15)
  3 rime drakes
  A meliai (D:13)
  19 polar bears
  A polar bear (shapeshifter) (Elf:3)
  4 trolls
  6 two-headed ogres
  7 blink frogs (Lair:2)
  3 bog bodies
  4 raiju (Lair:6)
  2 giant leeches
  An air elemental (Elf:2)
  3 shadows
  5 wraiths
  2 wyverns
  5 fire elementals
  6 water elementals (Depths:1)
  48 yaks
  6 humans (Volcano)
  6 hippogriffs
  A basilisk (Lair:6)
  Grum (D:11)
  14 vampire mosquitoes
  4 hungry ghosts
  5 wargs (Lair:6)
  A mottled dragon (D:15)
  10 swamp worms
  15 insubstantial wisps
  7 water moccasins
  2 soldier ants
  6 hell hounds (Lair:6)
  17 orc warriors
  14 black bears
  5 ice beasts
  2 porcupines
  10 ogres
  11 swamp drakes
  An eye of draining (D:9)
  5 sky beasts
  A necrophage (D:8)
  2 phantoms
  26 wolves
  7 crocodiles
  3 elf zombies (Elf:1)
  15 giant frogs
  5 big kobolds
  A gnoll sergeant (D:13)
  A wyvern zombie (D:13)
  4 water moccasin zombies (Ossuary)
  3 wyvern skeletons
  3 scorpions
  28 killer bees
  7 wights
  A troll zombie (D:9)
  A howler monkey (D:5)
  3 crimson imps
  A giant frog zombie (D:9)
  A quasit (D:15)
  12 orc priests
  14 orc wizards
  18 hounds
  3 jellies
  A giant frog skeleton (D:9)
  A gnoll shaman (D:7)
  2 centaur skeletons
  8 iguanas
  A hell rat (D:11)
  6 worker ants
  6 ogre zombies (D:9)
  2 mummies (Ossuary)
  4 gnolls (D:7)
  32 river rats
  8 adders
  3 shadow imps
  4 adder zombies (Ossuary)
  A worm (D:6)
  A giant gecko (D:11)
  77 orcs
  5 giant cockroaches
  2 gnoll zombies (Ossuary)
  6 goblins
  2 jackals (Sewer)
  23 kobolds
  3 quokkas
  A ball python (D:5)
  A ball python skeleton (D:5)
  A bat (D:2)
  A goblin skeleton (D:9)
  3 goblin zombies (D:9)
  11 hobgoblin zombies
  A jackal skeleton (D:9)
  8 kobold zombies (Ossuary)
  20 orc zombies
  A quokka skeleton (D:5)
  3 rats
  A fungus (Lair:5)
  A plant (Lair:6)
966 creatures vanquished.

Vanquished Creatures (others)
  A swamp dragon (Swamp:3)
  A deep elf mage (Elf:3)
  4 polar bears (IceCv)
  A water elemental (Elf:3)
  2 humans (D:15)
  An insubstantial wisp (Swamp:3)
  2 bushes (Depths:1)
  24 plants
36 creatures vanquished.

Grand Total: 1002 creatures vanquished

Notes
Turn   | Place    | Note
-------+----------+-------------------------------------------
     0 | D:1      | 4thArraOfDagon the Troll Fighter began the quest for the Orb.
     0 | D:1      | Reached XP level 1. HP: 22/22 MP: 0/0
   163 | D:4      | Noticed an orc priest
   173 | D:4      | Reached XP level 2. HP: 27/29 MP: 1/1
   178 | D:4      | Reached skill level 3 in Unarmed Combat
   178 | D:4      | Reached XP level 3. HP: 30/36 MP: 2/2
   208 | D:5      | Entered Level 5 of the Dungeon
   217 | D:5      | Reached XP level 4. HP: 44/44 MP: 3/3
   223 | D:5      | Noticed a phantom
   274 | D:5      | Killed a phantom
   274 | D:5      | Reached skill level 4 in Unarmed Combat
   274 | D:5      | Reached XP level 5. HP: 46/50 MP: 4/4
   341 | D:5      | Reached skill level 5 in Unarmed Combat
   342 | D:5      | Reached XP level 6. HP: 40/59 MP: 5/5
   518 | D:6      | Found a glowing drain.
   549 | Sewer    | Entered a sewer
   609 | Sewer    | Reached skill level 6 in Unarmed Combat
   635 | Sewer    | Found a glowing silver altar of Zin.
   736 | D:6      | Noticed murphy's ghost (weakling HOMo)
   767 | D:7      | Reached XP level 7. HP: 66/66 MP: 6/6
   860 | D:7      | Noticed a hippogriff
   866 | D:7      | Killed a hippogriff
   912 | D:7      | Found a staircase to the Ecumenical Temple.
   920 | Temple   | Entered the Ecumenical Temple
   967 | Temple   | Became a worshipper of Warmaster Okawaru
  1035 | D:7      | Reached skill level 7 in Unarmed Combat
  1062 | D:7      | Reached skill level 1 in Invocations
  1195 | D:6      | You fall through a shaft!
  1240 | D:8      | Reached skill level 5 in Shields
  1240 | D:8      | Reached XP level 8. HP: 74/74 MP: 8/8
  1280 | D:8      | Found a sand-covered staircase.
  1293 | Ossuary  | Entered an ossuary
  1344 | Ossuary  | Reached * piety under Okawaru
  1394 | Ossuary  | Reached skill level 8 in Unarmed Combat
  1555 | D:8      | Noticed Maurice
  1624 | D:8      | Reached ** piety under Okawaru
  1631 | D:8      | Reached skill level 9 in Unarmed Combat
  1755 | D:8      | Reached XP level 9. HP: 68/80 MP: 10/10
  1775 | D:8      | Killed Maurice
  1821 | D:9      | Gained mutation: Armour fits poorly on your strangely shaped body. [mutagenic meat]
  1824 | D:9      | Gained mutation: Your mind is acute. (Int +2) [mutagenic meat]
  1827 | D:9      | Gained mutation: You occasionally shout uncontrollably at your foes. [mutagenic meat]
  1878 | D:9      | Found a staircase to the Orcish Mines.
  1895 | D:9      | Reached skill level 10 in Unarmed Combat
  2090 | D:9      | Reached *** piety under Okawaru
  2162 | D:9      | Found a flagged portal.
  2174 | Bailey   | Entered a bailey
  2214 | Bailey   | Reached skill level 5 in Invocations
  2291 | Bailey   | Reached XP level 10. HP: 79/88 MP: 9/12
  2457 | D:9      | Reached skill level 11 in Unarmed Combat
  2495 | Orc:1    | Entered Level 1 of the Orcish Mines
  2495 | Orc:1    | Noticed an orc high priest
  2504 | Orc:1    | Noticed a soul eater
  2558 | D:9      | Killed an orc high priest
  2677 | Orc:1    | Found a frozen archway.
  2681 | Orc:1    | Noticed Snorg
  2695 | Orc:1    | Killed Snorg
  2695 | Orc:1    | Reached **** piety under Okawaru
  2702 | IceCv    | Entered an ice cave
  2722 | IceCv    | Reached skill level 12 in Unarmed Combat
  2769 | IceCv    | Got a transparent spear
  2777 | IceCv    | Identified the +5 spear "Giantbane" {pain, Int+2} (You found it in an ice cave)
  2835 | IceCv    | Noticed a death yak
  2848 | IceCv    | Reached ***** piety under Okawaru
  2850 | IceCv    | Reached XP level 11. HP: 59/94 MP: 11/14
  2861 | IceCv    | Killed a death yak
  3120 | IceCv    | Reached skill level 13 in Unarmed Combat
  3124 | IceCv    | Received a gift from Okawaru
  3141 | IceCv    | Got a slimy demon trident {god gift}
  3142 | IceCv    | Identified the +6 demon trident of Okawaru's Supremacy {freeze, +Blink rPois} (Okawaru gifted it to you in an ice cave)
  3255 | IceCv    | Noticed a frost giant
  3256 | IceCv    | Noticed a death yak
  3283 | IceCv    | Killed a frost giant
  3328 | IceCv    | Killed a death yak
  3445 | IceCv    | Got a steaming hand axe
  3493 | Orc:1    | Reached skill level 14 in Unarmed Combat
  3609 | Orc:2    | Entered Level 2 of the Orcish Mines
  3746 | Orc:2    | Noticed an ettin
  3751 | Orc:2    | Killed an ettin
  3751 | Orc:2    | Reached XP level 12. HP: 104/104 MP: 16/16
  3752 | Orc:2    | Found Feutym's Antique Weapon Shop.
  3826 | Orc:2    | Received a gift from Okawaru
  4009 | Orc:2    | Noticed a stone giant
  4031 | Orc:2    | Killed a stone giant
  4077 | Orc:2    | Found Azauzic's Book Shop.
  4192 | Orc:2    | Found a staircase to the Elven Halls.
  4212 | Orc:2    | Noticed an ettin
  4229 | Orc:2    | Killed an ettin
  4337 | Orc:2    | Found Cauhun's Antique Armour Emporium.
  4349 | Orc:2    | Reached skill level 15 in Unarmed Combat
  4393 | Orc:2    | Noticed an ettin
  4412 | Orc:2    | Killed an ettin
  4477 | Orc:2    | Found Rets's General Store.
  4485 | Orc:2    | Bought a +2 cloak of magic resistance for 236 gold pieces
  4485 | Orc:2    | Bought a potion of flight for 33 gold pieces
  4485 | Orc:2    | Bought a scroll of immolation for 38 gold pieces
  4667 | D:10     | Entered Level 10 of the Dungeon
  4713 | D:10     | Reached skill level 10 in Shields
  4889 | D:11     | Found a staircase to the Lair.
  4889 | D:11     | Noticed Grum
  4902 | D:11     | Noticed Josephine
  4942 | D:11     | Killed Josephine
  4942 | D:11     | Received a gift from Okawaru
  4965 | D:11     | Reached skill level 16 in Unarmed Combat
  5012 | D:11     | Killed Grum
  5030 | D:11     | Reached XP level 13. HP: 77/110 MP: 17/17
  5088 | D:11     | Got a warped morningstar
  5089 | D:11     | Identified the +1 morningstar of Fragile Peace {venom, rF+ Dex+3} (You found it on level 11 of the Dungeon)
  5313 | D:12     | Noticed Gastronok
  5329 | D:12     | Killed Gastronok
  5407 | D:12     | Noticed Harold
  5414 | D:12     | Killed Harold
  5461 | D:12     | Noticed Frances
  5483 | D:12     | Killed Frances
  5682 | D:13     | Found a gate to the Vaults.
  5801 | D:13     | Reached skill level 17 in Unarmed Combat
  5871 | D:13     | Noticed a fire dragon
  5891 | D:13     | Killed a fire dragon
  5924 | D:13     | Gained mutation: You are clumsy. (Dex -2) [mutagenic meat]
  5927 | D:13     | Lost mutation: You are clumsy. (Dex -2) [mutagenic meat]
  5930 | D:13     | Gained mutation: You are partially covered in slimy green scales. (AC +2) [mutagenic meat]
  5933 | D:13     | Gained mutation: You have very sharp teeth. [mutagenic meat]
  5936 | D:13     | Lost mutation: Armour fits poorly on your strangely shaped body. [mutagenic meat]
  6117 | D:14     | Gained mutation: Your mind is very acute. (Int +4) [mutagenic meat]
  6225 | D:15     | Entered Level 15 of the Dungeon
  6254 | D:15     | Reached skill level 18 in Unarmed Combat
  6289 | D:15     | Reached ****** piety under Okawaru
  6342 | D:14     | Received a gift from Okawaru
  6525 | D:15     | Reached XP level 14. HP: 118/118 MP: 10/18
  6600 | D:15     | Lost mutation: Your mind is very acute. (Int +4) [mutagenic meat]
  6603 | D:15     | Gained mutation: You tend to lose your temper in combat. [mutagenic meat]
  6606 | D:15     | Gained mutation: You are robust. (+10% HP) [mutagenic meat]
  6612 | D:15     | Gained mutation: You evolve. [mutagenic meat]
  6625 | D:15     | Noticed Kirke
  6638 | D:15     | Killed Kirke
  6654 | D:15     | Gained mutation: You are clumsy. (Dex -2) [mutagenic meat]
  6660 | D:15     | Gained mutation: You have sharp toenails. [mutagenic meat]
  6663 | D:15     | Gained mutation: Your flesh is cold resistant. (rC+) [mutagenic meat]
  6750 | D:15     | Received a gift from Okawaru
  6770 | D:15     | Reached skill level 19 in Unarmed Combat
  6837 | D:15     | Noticed an emperor scorpion
  6855 | D:15     | Killed an emperor scorpion
  6870 | D:15     | Found a staircase to the Depths.
  6883 | D:15     | Gained mutation: Your magical capacity is low. (-10% MP) [evolution]
  6894 | Depths:1 | Entered Level 1 of the Depths
  6919 | Depths:1 | Noticed Dirtsage's ghost (adept DsMo)
  6944 | Depths:1 | Killed Dirtsage's ghost
  7153 | Depths:1 | Noticed a fire giant
  7157 | Depths:1 | Noticed a frost giant
  7160 | Depths:1 | Killed a fire giant
  7160 | Depths:1 | Reached skill level 20 in Unarmed Combat
  7175 | Depths:1 | Killed a frost giant
  7224 | Depths:2 | Noticed a vampire knight
  7224 | Depths:2 | Noticed a stone giant
  7232 | Depths:1 | Killed a vampire knight
  7337 | Depths:1 | Received a gift from Okawaru
  7504 | Depths:1 | Reached XP level 15. HP: 76/136 MP: 9/17
  7614 | Depths:1 | Noticed a ghost moth
  7614 | Depths:1 | an alligator changed into a ghost moth
  7617 | Depths:1 | Noticed a storm dragon
  7620 | Depths:1 | Noticed an azure jelly
  7620 | Depths:1 | a storm dragon changed into an azure jelly
  7624 | Depths:1 | Noticed a frost giant
  7624 | Depths:1 | an azure jelly changed into a frost giant
  7626 | Depths:1 | Noticed an azure jelly
  7626 | Depths:1 | a frost giant changed into an azure jelly
  7630 | Depths:1 | Killed an azure jelly
  7682 | Depths:1 | Received a gift from Okawaru
  7743 | Depths:1 | Reached skill level 21 in Unarmed Combat
  8010 | Depths:1 | Reached skill level 5 in Fighting
  8024 | Depths:1 | Found a one-way gate to the infinite horrors of the Abyss.
  8401 | Elf:1    | Entered Level 1 of the Elven Halls
  8532 | Elf:1    | Identified Kikubaaqudgha's Reference Book on Dark Arts
  8657 | Elf:1    | Found Selup's Gadget Emporium.
  8810 | Elf:2    | Learned a level 5 spell: Yara's Violent Unravelling
  8893 | Elf:2    | Got a steaming glass ring
  8895 | Elf:2    | Identified the ring "Woip Pekk" {+Blink rC+ Dex+6} (You found it on level 2 of the Elven Halls)
  8910 | Elf:2    | Reached skill level 1 in Transmutations
  8975 | Elf:3    | Entered Level 3 of the Elven Halls
  9004 | Elf:3    | Reached skill level 1 in Spellcasting
  9038 | Elf:3    | Noticed a deep elf sorcerer
  9044 | Elf:3    | Killed a deep elf sorcerer
  9068 | Elf:3    | Reached XP level 16. HP: 49/165 MP: 11/18
  9357 | Elf:3    | Received a gift from Okawaru
  9574 | Elf:3    | Reached skill level 5 in Transmutations
  9810 | Elf:3    | Noticed a deep elf blademaster
  9827 | Elf:3    | Killed a deep elf blademaster
  9860 | Elf:3    | Gained mutation: You are resistant to hostile enchantments. (MR+) [potion of beneficial mutation]
 10106 | Elf:3    | Noticed a deep elf blademaster
 10132 | Elf:3    | Killed a deep elf blademaster
 10354 | Elf:3    | Received a gift from Okawaru
 10371 | Elf:3    | Got a fabulously ornate robe
 10439 | Elf:3    | Reached XP level 17. HP: 114/179 MP: 12/19
 10544 | Elf:3    | Got a warped robe
 10600 | Elf:3    | Identified the Handbook of Congealing Augmentations
 10636 | Elf:3    | Learned a level 6 spell: Statue Form
 11045 | Lair:1   | Entered Level 1 of the Lair of Beasts
 11090 | Lair:1   | You fall through a shaft!
 11130 | Lair:2   | Reached skill level 1 in Earth Magic
 11453 | Lair:4   | Found a staircase to the Swamp.
 11485 | Lair:4   | Found a dark tunnel.
 11494 | Volcano  | Entered a volcano
 11670 | Volcano  | Identified the +1 robe of the Shore {rElec rC++ rCorr Int-5} (You took it off a deep elf death mage on level 3 of the Elven Halls)
 11680 | Volcano  | Identified the +2 robe of a treasure trove {-Tele rPois rF+ MR+++} (You took it off a deep elf demonologist on level 3 of the Elven Halls)
 12164 | Lair:6   | Entered Level 6 of the Lair of Beasts
 12392 | Lair:6   | Reached skill level 5 in Spellcasting
 12404 | Lair:6   | Received a gift from Okawaru
 12486 | Lair:6   | Learned a level 6 spell: Haste
 12492 | Lair:6   | Learned a level 5 spell: Silence
 12654 | Lair:6   | Gained mutation: You rapidly evolve. [potion of beneficial mutation]
 12841 | Lair:6   | Found a snail-covered altar of Cheibriados.
 13056 | Swamp:1  | Entered Level 1 of the Swamp
 13128 | Swamp:1  | Reached skill level 5 in Earth Magic
 13225 | Swamp:1  | Lost mutation: You are clumsy. (Dex -2) [evolution]
 13454 | Swamp:4  | Entered Level 4 of the Swamp
 13558 | Swamp:3  | Noticed Jorgrun
 13611 | Swamp:4  | Killed Jorgrun
 13689 | Swamp:3  | Received a gift from Okawaru
 13811 | Swamp:4  | Reached XP level 18. HP: 160/189 MP: 22/22
 14206 | Swamp:4  | Noticed the 27-headed Lernaean hydra
 14283 | Swamp:4  | HP: 14/283 [the 26-headed Lernaean hydra (10)]
 14283 | Swamp:4  | Mangled by the 26-headed Lernaean hydra

Vault maps used:
D:1:      evilmike_arrival_fibonacci_small
D:2:      minmay_rat_gold_closets
D:4:      minmay_door_square, uniq_edmund, uniq_natasha, uniq_pikel,
          uniq_crazy_yiuf_cottage
D:5:      first_bread
D:6:      old_forge, gup_sewer_entry_glass, corner_web_ring, tso_altar
D:8:      enter_ossuary_1, uniq_maurice
D:9:      zombieorc2_lemuel, enter_bailey_3
D:10:     serial_shops, kennysheep_little_box, nicolae_ru_the_path_less_chosen
D:11:     dpeg_lair_monsters, uniq_josephine, uniq_grum
D:12:     grunt_pizzeria, uniq_frances, uniq_harold, uniq_gastronok
D:13:     minmay_isolated_rectangles_in_corner,
          lightli_vaults_fourway_checkpoint, trove_entry_hex_spiral
D:15:     hangedman_depths_entry_try_elsewhere_first, minivault_19,
          serial_curves, eino_curves_04, eino_curves_04, uniq_kirke
Temple:   kilobyte_greek_temple
Lair:1:   wad_woods_minihive, serial_bayou_pond_b
Lair:2:   minivault_19, minmay_stone_trees_small
Lair:3:   spider_nest_entry_funnel_web, basic_altar, grunt_megastairs_2,
          uniq_nergalle
Lair:4:   swamp_mist_pool, lightli_volcano_entry_magma_tube,
          nicolae_quartered_pool_little, hibernation_bobbens
Lair:5:   beast_lair_carwin_10
Lair:6:   hangedman_lair_caniforms_friends, minmay_slime_entry_eyes, basic_altar
Swamp:1:  evilmike_swamp_ruin_house_2
Swamp:2:  nicolae_swamp_trees_clearing
Swamp:3:  evilmike_swamp_ruin_house_3, swamp_pool3, roderic_carrion_pond,
          uniq_jorgrun
Swamp:4:  swamp_old_school, swamp_pool1
Orc:1:    portal_ice_cave_entry_pillars_1, statue_in_the_mist_lemuel, uniq_snorg
Orc:2:    grunt_orc_gardens, grunt_orc_garden, grunt_orc_garden,
          grunt_orc_garden, grunt_orc_garden, minmay_orc_barracks
Elf:1:    elf_arrival_001, serial_shops, shop_fountains, minmay_elf_necromancy,
          minmay_crystal_room, orc_legates
Elf:2:    nicolae_elf_v_pinch, minmay_shoptagon, uniq_louise
Elf:3:    minmay_elf_hall_golems, grunt_ministairs_9
Depths:1: minmay_misc_feat_plants, grunt_hell_entry_dis_mu, abyss_entry_crystal,
          minmay_misc_feat_pillars, serial_bayou_lagoon_b
Depths:2: cheibrodos_spurs, enter_ziggurat_f, minmay_misc_feat_enclosed,
          hellmouth_1, minmay_staircase_bubble, serial_bayou_shore_b
Sewer:    sewer_kobolds
Ossuary:  ossuary_tomb_2
Bailey:   bailey_polearm_5, bailey
IceCv:    ice_cave_caverns_03
Volcano:  volcano_bunker

Skill      XL: |  1  2  3  4  5  6  7  8  9 10 11 12 13 14 15 16 17 18 |
---------------+-------------------------------------------------------+-----
Unarmed Combat | 3 4 5 6 7 9 10 12 14 16 18 20 21 | 21.0
Shields        | 3 4 5 6 7 9 10 11 | 11.0
Invocations    | 1 3 5 6 7 |  7.3
Fighting       | 7 9 |  9.5
Transmutations | 3 7 9 |  9.9
Spellcasting   | 1 4 5 |  5.9
Earth Magic    | 6 7 |  7.0
Dodging        | |  2.4

Action                   |  1- 3 |  4- 6 |  7- 9 | 10-12 | 13-15 | 16-18 || total
-------------------------+-------+-------+-------+-------+-------+-------++-------
Melee: Unarmed           |    34 |   146 |   398 |   553 |   880 |   985 ||  2996
       Bite              |       |       |       |       |    90 |   109 ||   199
       Kick              |       |       |       |       |   170 |   291 ||   461
Throw: Large rock        |       |       |       |     9 |       |    20 ||    29
Invok: Heroism           |       |       |    12 |    30 |    46 |    53 ||   141
       Finesse           |       |       |       |     3 |    25 |    13 ||    41
Evoke: Wand              |       |       |       |       |       |     1 ||     1
  Use: Potion            |       |       |     3 |     3 |     5 |     4 ||    15
       Scroll            |       |       |     6 |     3 |     7 |    15 ||    31
 Stab: Sleeping          |       |       |       |       |     1 |     2 ||     3
       Distracted        |       |       |       |       |       |     1 ||     1
  Eat: Chunk             |     5 |     7 |    26 |    23 |    62 |    54 ||   177
       Pizza             |       |       |       |       |     1 |     2 ||     3
       Beef jerky        |       |       |       |       |       |     1 ||     1
Armor: Robe              |     1 |    36 |    50 |    21 |    19 |   126 ||   253
       Animal skin       |       |       |       |    10 |    28 |       ||    38
       Troll hide        |       |       |       |       |     1 |       ||     1
Dodge: Dodged            |    13 |    25 |    71 |    83 |   141 |   200 ||   533
Block: Shield            |     5 |    23 |       |       |       |    71 ||    99
       Large shield      |       |    80 |   294 |   435 |   504 |   546 ||  1859
